 Dungeon Crawl Stone Soup version 0.31-a0-496-g6f97920a28 (webtiles) character file.

Game seed: 3983806032842246586

10 AstroCodex24 the Shield-Bearer (level 2, -1/23 HPs)
             Began as a Vampire Fighter on Aug 8, 2023.
             Slain by an iguana (10 damage)
             ... on level 4 of the Dungeon.
             The game lasted 00:01:08 (204 turns).

AstroCodex24 the Shield-Bearer (Vampire Fighter)     Turns: 204, Time: 00:01:09

Health: -1/23      AC:  6    Str: 15    XL:     2   Next: 10%
Magic:  2/2        EV:  8    Int: 10    God:
Gold:   28         SH:  4    Dex: 13    Spells: 1/1 levels left

rFire   . . .        a - +0 war axe
rCold   . . .        c - +0 buckler
rNeg    . . .        b - +0 scale mail
rPois   .            (no helmet)
rElec   .            (no cloak)
rCorr   .            (no gloves)
SInv    +            (no boots)
Will    .....        (no amulet) Stlth
                     (no ring)
HPRegen 0.43/turn    (no ring)
MPRegen 0.08/turn

%: no passive effects
@: healing quickly
A: alive, fangs 3, see invisible, vampiric 1
a: Exsanguinate


You were on level 4 of the Dungeon.
You visited 1 branch of the dungeon, and saw 4 of its levels.

You collected 28 gold pieces.

Inventory:

Hand Weapons
 a - a +0 war axe (weapon)
Armour
 b - a +0 scale mail (worn)
 c - a +0 buckler (worn)
Talismans
 f - a blade talisman
Scrolls
 g - 3 scrolls of noise {unknown}
Potions
 d - a potion of might
 e - a potion of degeneration {unknown}


   Skills:
 + Level 2.8 Fighting
 + Level 2.0 Axes
 + Level 2.5 Armour
 + Level 2.9 Shields


You had one spell level left.
You didn't know any spells.
Your spell library was empty.

Dungeon Overview and Level Annotations

Branches:
Dungeon (3/15)

Altars:
Trog

Annotations:
D:4 Natasha


Innate Abilities, Weirdness & Mutations

Your natural rate of healing is accelerated.
You have razor-sharp teeth.
You have supernaturally acute eyesight. (SInv)
You are afflicted with vampirism.


Message History

You fall into a shaft and drop 1 floor!
The shaft crumbles and collapses.
Found a stone staircase leading down.
A ball python comes into view.
The ball python hisses angrily.
You hear a shout!
An iguana comes into view.
Natasha, Servant of Life and Death comes into view.
The iguana hisses angrily.
The ball python barely misses you. x2
Natasha mumbles some strange words.
The ball python closely misses you. The ball python barely misses you.
You closely miss the ball python. You bite the ball python.
You kill the ball python!
Natasha mumbles some strange words.
Natasha casts a spell.
Your Axes skill increases to level 2!
You completely miss the iguana. You bite the iguana.
The iguana is lightly wounded.
The iguana completely misses you.
You hit the iguana but do no damage.
The iguana is lightly wounded.
The iguana bites you.
The cerulean imp hits you from afar with a +2 spear.
The iguana bites you.
A kobold comes into view. It is wielding a +0 whip.
The iguana attacks as you move away! You block the iguana's attack.
Natasha howls an incantation.
Natasha's front paws start to glow.
You hit the iguana.
The iguana is heavily wounded.
The iguana bites you.
You hit the iguana. Your bite misses the iguana.
The iguana is heavily wounded.
The iguana barely misses you. You block the iguana's attack.
You hit the iguana.
The iguana is severely wounded.
The iguana bites you but does no damage.
You hit the iguana but do no damage.
The iguana is severely wounded.
The iguana bites you!
You die...

#.# #.####
#....#
####.# #.#
#.#
#.####.###
#........#
######@#.#
#l#.# #h#
# #K# #5#
.5> .#...
.K#...~ #.
##..~~


You could see an iguana, Natasha, 2 cerulean imps and a kobold.

Vanquished Creatures
  An orc (D:3)
  3 quokkas
  3 ball pythons
  2 rats (D:3)
9 creatures vanquished.

Notes
Turn   | Place    | Note
-------+----------+-------------------------------------------
     0 | D:1      | AstroCodex24 the Vampire Fighter began the quest for the
                  | Orb.
     0 | D:1      | Reached XP level 1. HP: 17/17 MP: 1/1
   138 | D:3      | Found a bloodstained altar of Trog.
   154 | D:3      | Reached XP level 2. HP: 23/23 MP: 2/2
   169 | D:3      | You fall into a shaft and drop 1 floor!
   194 | D:4      | Noticed Natasha
   204 | D:4      | Slain by an iguana

Illustrated notes

Levels and vault maps discovered:
D:1:      minmay_arrival_split_and_join, layout_basic, basic_ecumenical_altar,
          minivault_26
D:2:      layout_basic, basic_altar, minmay_domino_2
D:3:      layout_rooms, old_standard_altar, mainiacjoe_overflow_boulevard,
          lemuel_crystal_altar, trog_butcher_becter
D:4:      layout_loops_ring, led_sif_book, led_xom_imps, serial_bayou,
          serial_bayou_pond_e, serial_bayou_pond_d, serial_bayou_ford_a,
          serial_bayou_shore_a, uniq_natasha, uniq_sigmund

Skill      XL: |  1  2 |
---------------+-------+-----
Axes           | 2 |  2.0
Fighting       | |  2.8
Armour         | |  2.5
Shields        | |  2.9

Action                     || total
---------------------------++-------
  Melee: War axe           ||    21
         Bite              ||     2
Ability: Begin Untransform ||     1
 Armour: Scale mail        ||    13
  Dodge: Dodged            ||    11
  Block: Buckler           ||     6
   Form: Blade             ||     1

Table legend: (Time is in decaauts)
 A = Elapsed time spent in this place.
 B = Non-inter-level travel time spent in this place.
 C = Inter-level travel time spent in this place.
 D = Time resting spent in this place.
 E = Time spent auto-exploring this place.
 F = Levels seen in this place.
 G = Mean time per level.
                   A        B        C        D        E       F      G
               +--------+--------+--------+--------+--------+-----+--------+
         Total |    212 |    205 |      7 |      0 |      0 |   4 |   53.0 |
       Dungeon |    212 |    205 |      7 |      0 |      0 |   4 |   53.0 |
               +--------+--------+--------+--------+--------+-----+--------+

Top non-repeatable levels by time:
     D:2: 115 daAuts
     D:3: 47 daAuts
     D:4: 37 daAuts
     D:1: 11 daAuts
